 Dungeon Crawl Stone Soup version 0.31-a0-167-g1c394c0614 (webtiles) character file.

Game seed: 6322651991368221489

79 Moral the Firebug (level 4, 0/35 HPs)
             Began as a Draconian Fire Elementalist on June 14, 2023.
             Was a Follower of Uskayaw.
             Slain by Edmund
             ... wielding a +2 flail of protection
              (8 damage)
             ... on level 4 of the Dungeon.
             The game lasted 00:10:41 (2066 turns).

Moral the Firebug (Draconian Fire Elementalist)     Turns: 2066, Time: 00:10:41

Health: 0/35       AC:  5    Str: 11    XL:     4   Next: 17%
Magic:  1/8        EV:  9    Int: 17    God:    Uskayaw [*.....]
Gold:   103        SH:  0    Dex: 11    Spells: 5/8 levels left

rFire   . . .        b - +0 whip
rCold   . . .        (no shield)
rNeg    . . .        (body armour unavailable)
rPois   .            (helmet restricted)
rElec   .            (no cloak)
rCorr   .            (no gloves)
SInv    .            (no boots)
Will    .....        (no amulet)
Stlth   ++           (no ring)
HPRegen 0.25/turn    (no ring)
MPRegen 0.11/turn

%: no passive effects
@: about to teleport, very slightly contaminated, constricted
A: AC +5, unfitting armour, cold-blooded
a: Renounce Religion, Stomp


You were on level 4 of the Dungeon.
You worshipped Uskayaw.
Uskayaw was noncommittal.
You visited 1 branch of the dungeon, and saw 4 of its levels.

You collected 103 gold pieces.

Inventory:

Hand Weapons
 b - a +0 whip (weapon)
Wands
 l - a wand of roots (11)
Scrolls
 c - a scroll of identify
 d - a scroll of noise
 i - a scroll of fog {unknown}
 m - a scroll of acquirement {unknown}
Potions
 a - 2 potions of magic
 f - a potion of haste {unknown}
 h - 2 potions of heal wounds {unknown}
 j - a potion of resistance
 k - a potion of curing {unknown}


   Skills:
 + Level 1.2 Fighting
 + Level 2.1 Dodging
 - Level 2.1 Stealth
 * Level 2.7 Spellcasting
 + Level 1.5 Conjurations
 * Level 3.6 Fire Magic
 * Level 0.5 Invocations


You had 5 spell levels left.
You knew the following spells:

 Your Spells              Type           Power      Damage    Failure   Level
a - Foxfire               Conj/Fire      44%        2x1d6     6%          1
b - Scorch                Fire           28%        2d6       6%          2

Your spell library contained the following spells:

 Spells                   Type           Power      Damage    Failure   Level
 Inner Flame              Hex/Fire       8%         N/A       26%         3
 Volatile Blastmotes      Fire/Tloc      16%        2d11      26%         3
 Flame Wave               Conj/Fire      11%        2d6       52%         4


Dungeon Overview and Level Annotations

Branches:
Dungeon (4/15)
 Temple: D:4-7

Altars:
Gozag
Hepliaklqana
Okawaru
Uskayaw
Xom
Yredelemnul
The Shining One

Annotations:
D:4 2 transporters, Edmund


Innate Abilities, Weirdness & Mutations

Your plain brown scales are hard. (AC +5)
You cannot fit into any form of body armour.
You are cold-blooded and may be slowed by cold attacks.


Message History

You are very lightly contaminated with residual magic.
Nothing appears to happen.
The ball python hisses angrily.
You hear a shout!
Edmund hits you with a +2 flail of protection!
Casting: Foxfire (safe; 6% risk of failure)
Confirm with . or Enter, or press ? or * to list all spells.
You conjure some foxfire!
Edmund is no longer more vulnerable to fire.
Edmund hits you with a +2 flail of protection.
Casting: Foxfire (safe; 6% risk of failure)
Confirm with . or Enter, or press ? or * to list all spells.
Flames lash Edmund but do no damage.
The foxfire hits Edmund but does no damage.
Edmund is lightly wounded.
The foxfire hits Edmund but does no damage.
Edmund is lightly wounded.
An ogre comes into view. It is wielding a +0 giant spiked club.
Edmund barely misses you.
Casting: Scorch (safe; 6% risk of failure)
Confirm with . or Enter, or press ? or * to list all spells.
You don't have enough magic to cast this spell.
As you read the scroll labelled NOAMOX ISM, it crumbles to dust.
It is a scroll of identify.
d - a scroll of noise Edmund completely misses you.
As you read the scroll labelled IGOT CEAREJ, it crumbles to dust.
You feel strangely unstable.
It was a scroll of teleportation.
The ball python bites you. The ball python grabs you.
The ball python constricts you. Edmund hits you but does no damage.
As you read the scroll labelled RAGGEP NASEEV, it crumbles to dust.
Your body is wracked with pain!
* * * LOW HITPOINT WARNING * * *
Edmund convulses!
The ball python convulses!
The ogre convulses!
It was a scroll of torment.
The ball python barely misses you. The ball python constricts you.
* * * LOW HITPOINT WARNING * * *
The ball python closely misses you. The ball python constricts you.
Edmund gestures with his flail.
Edmund hits you with a +2 flail of protection!
You die...

#.# #.# #.# ## #.#
...#######.# ###
#..........# ...
...........# ###
#.O.....###### ##
#....@@......#######
..
#....S.#####.#.○..°.
.○
#..##........#......
..
##...........#..#.#.
..
###........©#○.©!..
°. #....[....#..#.#.
.. ##........#......
.. #......###.○..☼.
.☼ #......#
#######..


You could see Edmund, an ogre and a ball python.

Vanquished Creatures
  3 adders
  2 worms
  An orc (D:3)
  6 ball pythons
  4 bats
  4 endoplasms
  2 giant cockroaches
  4 goblins
  7 hobgoblins
  5 kobolds
  3 frilled lizards
  5 rats
46 creatures vanquished.

Vanquished Creatures (others)
  75 foxfires
75 creatures vanquished.

Grand Total: 121 creatures vanquished

Notes
Turn   | Place    | Note
-------+----------+-------------------------------------------
     0 | D:1      | Moral the Draconian Fire Elementalist began the quest for
                  | the Orb.
     0 | D:1      | Reached XP level 1. HP: 14/14 MP: 3/3
   220 | D:1      | Reached XP level 2. HP: 19/20 MP: 1/5
   723 | D:2      | Reached XP level 3. HP: 27/27 MP: 3/6
   795 | D:2      | Learned a level 2 spell: Scorch
   894 | D:2      | Reached skill level 1 in Fighting
  1258 | D:3      | Noticed a +0 hand axe
  1258 | D:3      | Noticed a +0 dagger
  1267 | D:3      | Found a hide-covered altar of Uskayaw.
  1311 | D:3      | Became a worshipper of Uskayaw the Reveller
  1470 | D:3      | Reached * piety under Uskayaw
  1472 | D:3      | Found a glowing golden altar of the Shining One.
  1472 | D:3      | Found a shimmering altar of Xom.
  1472 | D:3      | Found a hazy altar of Hepliaklqana.
  1472 | D:3      | Found an iron altar of Okawaru.
  1534 | D:3      | Found an opulent altar of Gozag.
  1542 | D:3      | Reached ** piety under Uskayaw
  1552 | D:3      | Reached XP level 4. HP: 21/35 MP: 5/8
  1552 | D:3      | Found a basalt altar of Yredelemnul.
  1861 | D:4      | Found a transporter.
  2037 | D:4      | Found a transporter.
  2053 | D:4      | Noticed Edmund
  2063 | D:4      | Noticed an ogre
  2066 | D:4      | Slain by Edmund

Illustrated notes

Levels and vault maps discovered:
D:1:      spicycebolla_arrival_clurvy, layout_loops_ring, supply_closet_lemuel
D:2:      layout_basic, hellmonk_ecumenical_altar_leap_of_faith
D:3:      layout_rooms, minmay_overflow_temple_hex, dancing_weapons_uskayaw
D:4:      gammafunk_cloud_chamber, layout_basic, uniq_edmund,
          uniq_crazy_yiuf_cottage

Skill      XL: |  1  2  3 |
---------------+----------+-----
Dodging        | 2 |  2.1
Stealth        | 2 |  2.1
Fighting       | 1 |  1.2
Spellcasting   | |  2.7
Conjurations   | |  1.5
Fire Magic     | |  3.6
Invocations    | |  0.5

Action                     |  1- 3 |  4- 6 || total
---------------------------+-------+-------++-------
  Melee: Whip              |    71 |     1 ||    72
         Unarmed           |     5 |       ||     5
         Tailslap          |    11 |       ||    11
         Punch             |     1 |       ||     1
   Cast: Foxfire           |    39 |    11 ||    50
         Scorch            |    10 |     7 ||    17
    Use: Scroll            |       |     3 ||     3
   Stab: Sleeping          |     1 |       ||     1
 Armour: Skin              |    26 |     1 ||    27
  Dodge: Dodged            |    66 |     5 ||    71

Table legend: (Time is in decaauts)
 A = Elapsed time spent in this place.
 B = Non-inter-level travel time spent in this place.
 C = Inter-level travel time spent in this place.
 D = Time resting spent in this place.
 E = Time spent auto-exploring this place.
 F = Levels seen in this place.
 G = Mean time per level.
                   A        B        C        D        E       F      G
               +--------+--------+--------+--------+--------+-----+--------+
         Total |   2071 |   2071 |      0 |    190 |   1330 |   4 |  517.8 |
       Dungeon |   2071 |   2071 |      0 |    190 |   1330 |   4 |  517.8 |
               +--------+--------+--------+--------+--------+-----+--------+

Top non-repeatable levels by time:
     D:2: 696 daAuts
     D:3: 691 daAuts
     D:1: 351 daAuts
     D:4: 331 daAuts
